Cogmind - Beta 13 @@@ ROGUE MODE // 2024.04.06 @ 16:16:53 Player: Toa of Guts Result: Self-destructed Performance ------------- Evolutions (2) 1000 Regions Visited (3) 600 Robots Destroyed (21) 105 Value Destroyed (561) 561 Prototype IDs (2) 40 Alien Tech Used (0) 0 Bonus (0) 0 TOTAL SCORE: 2306 Bonus ------- None Cogmind --------- Core Integrity 229/550 Matter 289/300 Energy 100/100 System Corruption 0% Temperature Cool (0) Movement Rolling (80) Location -8/Materials Parts ------- > --- POWER (1) -------- (None) > --- PROPULSION (2) --- Wheel > --- UTILITY (4) ------ Small Storage Unit Visual Processing Unit Signal Interpreter > --- WEAPON (4) ------- Advanced Beam Rifle > --- INVENTORY (8) ---- Light Ion Engine Hardened Light Armor Plating Improved Medium Laser Peak State ------------ > --- POWER ------------ Light Ion Engine > --- PROPULSION ------- Wheel Wheel > --- UTILITY ---------- Small Storage Unit Sensor Array Signal Interpreter Hardened Light Armor Plating > --- WEAPON ----------- Improved Medium Laser Advanced Beam Rifle Light Assault Rifle High-powered Shotgun > --- INVENTORY -------- Deuterium Engine Hardened Light Armor Plating Small Laser Light Assault Rifle Light Assault Rifle [Rating: 19] Favorites ----------- Power Light Ion Engine Engine Light Ion Engine Propulsion Compact Wheel Wheel Compact Wheel Utility Small Storage Unit Device Sensor Array Storage Small Storage Unit Processor Signal Interpreter Protection Hardened Light Armor Plating Weapon Light Assault Rifle Energy Gun Small Laser Ballistic Gun Light Assault Rifle Build | -11 -10 -9 -8 ------- Run | Yrd Mat Mat Mat Slots Evolved 4 | . . 2 2 Power . | . . . . Propulsion . | . . . . Utility 2 | . . 1 1 Weapon 2 | . . 1 1 Parts Attached 34 | 6 5 7 16 Power 4 | 1 1 1 1 Engine 4 | 1 1 1 1 Core . | . . . . Reactor . | . . . . Propulsion 6 | 2 . 2 2 Treads . | . . . . Leg . | . . . . Wheel 6 | 2 . 2 2 Hover . | . . . . Flight . | . . . . Utility 9 | 1 1 2 5 Device 1 | . . 1 . Storage 3 | 1 . . 2 Processor 3 | . 1 1 1 Hackware . | . . . . Protection 2 | . . . 2 Artifact . | . . . . Weapon 15 | 2 3 2 8 Energy Gun 8 | 2 2 . 4 Energy Cannon . | . . . . Ballistic Gun 7 | . 1 2 4 Ballistic Cannon . | . . . . Launcher . | . . . . Special Weapon . | . . . . Impact Weapon . | . . . . Slashing Weapon . | . . . . Piercing Weapon . | . . . . Special Melee Weapon . | . . . . Unidentified Prototypes 2 | . . . 2 Parts Lost 13 | . 2 . 11 Power 3 | . 1 . 2 Propulsion 3 | . . . 3 Utility 2 | . . . 2 Weapon 5 | . 1 . 4 Highest Loss Streak 6 | . 2 . 6 To Critical Strikes . | . . . . Average Slot Usage (%) 92 | . 97 100 82 Engine 10 | . 12 11 6 Wheel 20 | . 28 22 10 Device 5 | . . 11 8 Storage 11 | . 14 11 7 Processor 12 | . 12 11 13 Protection 1 | . . . 4 Energy Gun 15 | . 20 11 12 Ballistic Gun 14 | . 7 22 19 Naked Turns . | . . . . Heaviest Build 22 | 11 11 12 22 Greatest Support 32 | 32 32 20 20 Greatest Overweight (x) 5 | . . . 5 Average Overweight (x) . | . . . . Largest Inventory Capacity 8 | 8 8 8 8 Average Capacity 7 | 6 8 8 7 Most Carried 8 | 2 8 7 5 Average Carried 3 | 1 4 2 3 Final Capacity 8 | 8 8 8 8 Final Carried 8 | 2 8 5 3 Class Distribution -------------------- 49% | Mutant 38% | Skirmisher 11% | Scavenger-Skirmisher Dominant Class ---------------- Mutant | -10/Materials Skirmisher | -9/Materials Skirmisher | -8/Materials Resources | -11 -10 -9 -8 ----------- Run | Yrd Mat Mat Mat Matter Collected 691 | 182 194 . 315 Remotely . | . . . . Salvage Created 790 | . 391 . 399 Parts 46 | . 29 . 17 Haulers Intercepted 1 | . 1 . . Recyclers Shooed 1 | . . . 1 Parts Field Recycled . | . . . . Retrieved Matter . | . . . . Parts Self-Destructed . | . . . . Prevented . | . . . . Kills | -11 -10 -9 -8 ------- Run | Yrd Mat Mat Mat Combat Hostiles Destroyed 17 | . 12 . 5 Guns 15 | . 11 . 4 AOE 2 | . 1 . 1 Classes Destroyed 6 | . 3 . 3 Worker 1 | . . . 1 Hauler 1 | . 1 . . Recycler 2 | . . . 2 Swarmer 6 | . 6 . . Grunt 10 | . 6 . 4 Heavy 1 | . . . 1 Best Kill Streak 5 | . 4 . 5 Combat Bots Only 4 | . 4 . 3 Max Kills in Single Turn 2 | . 2 . 2 Gunslinging 1 | . 1 . . Exploded 1 | . 1 . 1 Melee . | . . . . Uniques/NPCs Destroyed . | . . . . Combat | -11 -10 -9 -8 -------- Run | Yrd Mat Mat Mat Hostile Shots Fired 119 | . 57 4 58 Missed 26 | . 18 . 8 Damage Taken 1778 | . 434 49 1295 Core 416 | . 95 . 321 Absorbed by Shields . | . . . . Core Remaining (%) 87 | 100 62 100 . Volleys Fired 75 | . 40 . 35 Largest 4 | . 2 . 4 Hottest 162 | . 80 . 162 Shots Fired 178 | . 79 . 99 Gun 178 | . 79 . 99 Cannon . | . . . . Launcher . | . . . . Special . | . . . . Kinetic 104 | . 22 . 82 Thermal 57 | . 40 . 17 Explosive . | . . . . Electromagnetic 17 | . 17 . . Robot Hit Streak 11 | . 10 . 11 Robot Miss Streak 5 | . 4 . 5 Penetration Max . | . . . . Secondary Targets 3 | . 2 . 1 Max Gunslinging Chain 1 | . 1 . 1 Shots Hit Robots 118 | . 51 . 67 Core Hits 43 | . 20 . 23 Critical Kills . | . . . . Critical Parts Destroyed . | . . . . Critical Strikes 1 | . 1 . . Corrupt 1 | . 1 . . Melee Attacks . | . . . . Impact . | . . . . Slashing . | . . . . Piercing . | . . . . Sneak Attacks . | . . . . Combat Hostiles . | . . . . Follow-up Attacks . | . . . . Damage Inflicted 1570 | . 640 . 930 Guns 1524 | . 594 . 930 Cannons . | . . . . Explosions 46 | . 46 . . Melee . | . . . . Ramming . | . . . . Kinetic 869 | . 173 . 696 Thermal 578 | . 344 . 234 Explosive . | . . . . Electromagnetic 123 | . 123 . . Impact . | . . . . Slashing . | . . . . Piercing . | . . . . Highest Corruption . | . . . . Average Corruption . | . . . . Corruption Purged . | . . . . Corruption Blocked . | . . . . Overload Shots . | . . . . Overflow Damage . | . . . . Projectiles . | . . . . Explosions . | . . . . Melee . | . . . . Knockbacks . | . . . . Impact . | . . . . Kinetic . | . . . . Secondary . | . . . . Self-Inflicted Damage 38 | . 38 . . Shots 1 | . 1 . . Rammed . | . . . . Targets Rammed . | . . . . Kicked . | . . . . Crushed . | . . . . Highest Temperature 332 | . 162 . 332 Average Temperature 106 | . 50 . 166 Received Heat Transfer 534 | . 144 21 369 Siege Activations . | . . . . Robots Corrupted . | . . . . Combat Hostiles . | . . . . Parts Fried . | . . . . Impact Corruptions . | . . . . Robots Melted . | . . . . Combat Hostiles . | . . . . Parts Melted 1 | . 1 . . Heat Transferred 1169 | . 725 . 444 Parts Sabotaged . | . . . . Parts Stolen . | . . . . Parts Stripped . | . . . . Power Chain Reactions 1 | . 1 . . Alert | -11 -10 -9 -8 ------- Run | Yrd Mat Mat Mat Peak Influence 387 | . 387 195 197 Initial 120 | . . 120 81 Average 135 | . 167 150 108 Maximum Alert Level 1 | . 1 . . Low Security (%) 77 | 100 47 100 100 Level 1 22 | . 52 . . Level 2 . | . . . . Level 3 . | . . . . Level 4 . | . . . . Level 5 . | . . . . High Security . | . . . . Max Security . | . . . . Squads Dispatched 6 | . 2 1 3 Investigation . | . . . . Extermination . | . . . . Reinforcement 6 | . 2 1 3 Assault . | . . . . Garrison . | . . . . Intercept . | . . . . Searches Triggered . | . . . . Construction Impeded . | . . . . Haulers Reinforced . | . . . . Active Scanning Responses . | . . . . Cargo Convoy Interrupts . | . . . . Stealth | -11 -10 -9 -8 --------- Run | Yrd Mat Mat Mat Distress Signals 4 | . 2 . 2 Communications Jammed . | . . . . Distress Signals . | . . . . Times Spotted 38 | . 21 6 11 Peak Tracking Total 7 | . 7 3 5 Tactical Retreats 7 | . 3 2 2 Traps | -11 -10 -9 -8 ------- Run | Yrd Mat Mat Mat Traps Triggered 1 | . . . 1 Indirectly . | . . . . Trap Hack Attempts . | . . . . Triggered . | . . . . Disarmed . | . . . . Reprogrammed . | . . . . Reused . | . . . . Traps Extracted . | . . . . Installed . | . . . . Triggered . | . . . . Machines | -11 -10 -9 -8 ---------- Run | Yrd Mat Mat Mat Machines Disabled 2 | . 2 . . Max in Single Turn 1 | . 1 . . Machines Repaired . | . . . . Machines Dismantled . | . . . . Machines Sabotaged . | . . . . Overloaded Fab Kills . | . . . . Hacking | -11 -10 -9 -8 --------- Run | Yrd Mat Mat Mat Machines Accessed 2 | . 1 1 . Terminals 2 | . 1 1 . Fabricators . | . . . . Repair Stations . | . . . . Recycling Units . | . . . . Scanalyzers . | . . . . Garrison Access . | . . . . Total Hacks 4 | . 3 1 . Successful 4 | . 3 1 . Failed . | . . . . Catastrophic . | . . . . Database Lockouts . | . . . . Manual 1 | . . 1 . Terminals 4 | . 3 1 . Fabricators . | . . . . Repair Stations . | . . . . Recycling Units . | . . . . Scanalyzers . | . . . . Garrison Access . | . . . . Terminal Hacks 3 | . 3 . . Alert Level 2 | . 2 . . Unreport Threat 1 | . 1 . . Fabricator Hacks . | . . . . Repair Station Hacks . | . . . . Recycling Unit Hacks . | . . . . Scanalyzer . | . . . . Garrison Access Hacks . | . . . . Unauthorized Hacks 1 | . . 1 . Terminals 1 | . . 1 . Track 1 | . . 1 . Fabricators . | . . . . Repair Stations . | . . . . Recycling Units . | . . . . Scanalyzers . | . . . . Garrison Access . | . . . . Data Cores Recovered . | . . . . Used . | . . . . Hacking Detections 2 | . 1 1 . Full Trace Events . | . . . . Feedback Events . | . . . . Feedback Blocked . | . . . . Robot Schematics Acquired . | . . . . Robots Built . | . . . . Authchips . | . . . . Time . | . . . . Total Robot Build Rating . | . . . . Part Schematics Acquired . | . . . . Parts Built . | . . . . Authchips . | . . . . Time . | . . . . Total Part Build Rating . | . . . . Parts Repaired . | . . . . Time . | . . . . Parts Recycled . | . . . . Recycled Matter . | . . . . Retrieved Matter . | . . . . Retrieved Components . | . . . . Parts Scanalyzed . | . . . . Part Schematics Acquired . | . . . . Parts Damaged . | . . . . Bothacking | -11 -10 -9 -8 ------------ Run | Yrd Mat Mat Mat Used RIF Installer . | . . . . Robots Hacked . | . . . . Non-combat . | . . . . Combat . | . . . . Robot Hacks Applied . | . . . . Relay Couplers Released . | . . . . Fabnet Peak Effective % . | . . . . Robots Rewired . | . . . . Allies Hacked . | . . . . Hacks Repelled . | . . . . Allies | -11 -10 -9 -8 -------- Run | Yrd Mat Mat Mat Total Allies . | . . . . Largest Group . | . . . . Highest-Rated Group . | . . . . Highest-Rated Ally . | . . . . Total Orders . | . . . . Ally Attacks . | . . . . Total Damage . | . . . . Kills . | . . . . Allies Corrupted . | . . . . Allies Melted . | . . . . Intel | -11 -10 -9 -8 ------- Run | Yrd Mat Mat Mat Robot Analysis Total . | . . . . Derelict Logs Recovered . | . . . . Drone Launches . | . . . . Drone Recoveries . | . . . . Exploration | -11 -10 -9 -8 ------------- Run | Yrd Mat Mat Mat Turns Passed 925 | 47 398 147 333 Spaces Moved 575 | 37 190 167 181 Core 33 | 1 . . 32 Treads . | . . . . Legs . | . . . . Wheels 542 | 36 190 167 149 Hover . | . . . . Flight . | . . . . Fastest Speed 50 | 50 100 80 80 Average Speed 90 | 98 100 80 88 Slowest Speed 300 | 100 100 80 300 Overloaded Moves . | . . . . Propulsion Burnouts . | . . . . Robots Hopped . | . . . . Cave-ins Triggered . | . . . . Exploration Rate (%) 17 | 3 31 19 17 Regions Visited 3 Branch Regions . Pre-discovered Areas . | . . . . Known Exits Taken 1 | . . 1 . Unknown Exits Taken 2 | 1 1 . . Scrap Searched . | . . . . Spaces Dug . | . . . . Terrain Destroyed 3 | . 3 . . Melee . | . . . . Projectile . | . . . . AOE 3 | . 3 . . Terrain Rammed . | . . . . Walls Destroyed . | . . . . Machines Disabled . | . . . . Actions | -11 -10 -9 -8 --------- Run | Yrd Mat Mat Mat Total 830 | 44 319 179 288 Wait 121 | . 76 . 45 Move 572 | 36 189 166 181 Hop . | . . . . Pick Up 17 | 2 7 3 5 Fast Attach 11 | 6 2 . 3 Attach 11 | . 1 2 8 Detach 3 | . . . 3 Swap 12 | . 2 5 5 Drop 8 | . 2 3 3 Fire 75 | . 40 . 35 Melee . | . . . . Ram . | . . . . Kick . | . . . . Crush . | . . . . Escape Stasis . | . . . . Rewire . | . . . . Trap . | . . . . Miscellaneous . | . . . . Route ------- -11/Scrapyard -10/Materials -9/Materials -8/Materials History --------- Turn | Location | Event 11 | -11/Scrapyard | Discovered new exit (range 15) 48 | -11/Scrapyard | Entered Materials 308 | -10/Materials | Build established: Mutant 443 | -10/Materials | Discovered new exit (range 4) 446 | -10/Materials | Entered another Materials area 446 | -9/Materials | Evolved 2 slots: Utility x1, Weapon x1 571 | -9/Materials | Discovered new exit (range 11) 593 | -9/Materials | Identified exit to Materials 593 | -9/Materials | Entered another Materials area 593 | -8/Materials | Evolved 2 slots: Utility x1, Weapon x1 775 | -8/Materials | Lost 5 parts (1p2n1u1w) 785 | -8/Materials | Build established: Skirmisher 904 | -8/Materials | Core integrity fell below 50% 926 | -8/Materials | Self-destructed Last Messages --------------- 00856_ R-06 Scavenger collects Particle Gun. 00857_ Acquired 44 matter. 00861_ R-06 Scavenger destroyed. 00861_ K-01 Serf destroyed. 00865_ Acquired 54 matter. 00866_ Acquired 41 matter. 00869_ Acquired Lgt. Ion Engine. 00873_ Hpw. Shotgun destroyed. 00889_ W-25 Informer sends out distress signal. 00895_ Lgt. Assault Rifle destroyed. 00897_ Critical hit (Burn: +37). 00900_ Com. Wheel destroyed. 00901_ Deuterium Engine destroyed. 00903_ Triggered Explosive Trap. 00903_ An explosion rips through the floor. 00903_ G-47 Trooper destroyed. 00905_ Acquired Wheel. 00906_ Sensor Array destroyed. 00921_ Atomic Centrifuge disabled. 00925_ Lgt. Assault Rifle destroyed. Map ----- +----------------------------------------------------+ | ?????????????????????????????????????????????????? | | ?????????????????????????????????????????????????? | | ?????????????????????????????????????????????????? | | ?????????????????????????????????????????????????? | | ?????????????????????????????????????????????????? | | ?????????????????????????????????????????????????? | | ?????????????????????????????????????????????????? | | ?????????????????????????????????????????????????? | | ?????????????????????????T???????????????????????? | | ????????????????????????? ???????????????????????? | | ????????????????????????? ???????????????????????? | | ????????????????????????? ???????????????????????? | | ????????????????????????? ???????????????????????? | | ?????????????????????????h???????????????????????? | | ????????????????????????? ???????????????????????? | | ????????????????????????? ???????????????????????? | | ????????????????????????# #??????????????????????? | | ????????????????????????# #??????????????????????? | | ????????????????????????# #??????????????????????? | | ?????????????##?????????# #??????????????????????? | | ??????????#### ######???# #??????????????????????? | | ??????????# #???# #??????????????????????? | | ??????????# = #???# #??????????????????????? | | ??????????# % #???# #??????????????????????? | | ??????????# "" #?### ###????????????????????? | | ??????????# """ #?# @ #????????????????????? | | ??????????# """ ### #????????????????????? | | ??????????# "T" + #????????????????????? | | ??????????# ### #????????????????????? | | ???#### #######+#####?# #????????????????????? | | ??? # #????## ##????????????????????? | | ????"" """ # #?????# #?????????????????????? | | ????"" """ + #?????# #?????????????????????? | | ????"" """ # #?????# #?????????????????????? | | ??? # ####### #?????????????????????? | | ?# ?# #?????????????????????? | | ?# ?# ##????????????????????? | | ?##########??# #????????????????????? | | ???????################ %* ##????????????????????? | | ???????# #?# #????????????????????? | | ???????# """"" #?# =* #????????????????????? | | ???????# / """"" #?#=%% #????????????????????? | | ???????# """"" ! #?##[ ##????????????????????? | | ???????# #??# #?????????????????????? | | ???????#######+######### #?????????????????????? | | ????????# [! ! #?????????????????????? | | ######### *==[ #?????????????????????? | | ]]/ | # #?????????????????????? | | ]/ # ##+#########"######??????????????????? | | ]/ ! # # ! # #??????????????????? | +----------------------------------------------------+ Best States ------------- Heat Dissipation 31 Energy Generation 14 Energy Capacity 275 Matter Stores 300 Matter Capacity 300 Sight Range 18 Robot Scan Range 14 Terrain Scan Density 10 Armor Coverage 150 Evasion (%) 44 Targeting Accuracy 5 Item Schematics ----------------- None Robot Schematics ------------------ None Fabricated ------------ Nothing Alien Tech Used ----------------- None Achievements -------------- None Challenges ------------ None Game ------ Seed SmallInsulationPick Manual? 0 Play Time 00:15:58 Cumulative 62.7 hours Start 2024.04.06 @ 16:01:08 End 2024.04.06 @ 16:16:53 Sessions 1 Manual Loads 0 Difficulty Rogue Special Mode None Game No. 42 Rogue 42 Adventurer 0 Explorer 0 Win Type - Total 0 Types 0/0/0/0/0/0/0/0/0 Lore% 26 Gallery% 40 Achievement% 27 Wizard Run 0 Options --------- Layout 0 ASCII 0 Keyboard 0 Movement Mouse Keybinds 0 Fullscreen 1 Font 24/X11 Map View 76x50 Zoom Use 0% Tactical HUD 1 Map Filters NONE Filters NONE Steam 1 RUN: e982e43c-e204-4e2b-b1e0-3326901ffa43